 Dungeon Sprint DCSS version 0.18.1-47-g9310371 (webtiles) character file.

319959 rftp080 the Invulnerable (level 20, -21/192 HPs)
             Began as a Formicid Fighter on June 20, 2016.
             Was the Champion of Makhleb.
             Killed from afar by an orb of fire (26 damage)
             ... with a bolt of fire
             ... in the Dungeon (Sprint IX: "|||||||||||||||||||||||||||||").
             The game lasted 00:32:46 (4555 turns).

rftp080 the Invulnerable (Formicid Fighter)         Turns: 4555, Time: 00:32:47

Health: -21/192    AC: 37    Str: 31    XL:     20   Next: 82%
Magic:  44/44      EV: 28    Int: 10    God:    Makhleb [******]
Gold:   148        SH: 35    Dex: 33    Spells: 1 memorised, 52 levels left

rFire  + . .     SeeInvis +     q - +4 lajatang (elec)
rCold  + . .     Gourm    .     O - +6 gold dragon armour of Ru's Righteous Anger {-Cast rPois rF+ rC+ rCorr Str+3 Dex+5}
rNeg   . . .     Faith    .     a - +5 large shield
rPois  +         Spirit   .     (helmet unavailable)
rElec  .         Dismiss  .     P - +0 cloak {MR+}
rCorr  +         Reflect  .     s - +2 pair of gloves {Dex+3}
SustAt .         Harm     .     y - +2 pair of boots {Fly}
MR     +++..     NoCast   +     X - amulet of regeneration
Stlth  ..........               k - ring "Heitohec" {Dex+4 Slay+3}
                                V - +6 ring of dexterity

@: mighty, flying, extremely resistant to hostile enchantments, extremely
unstealthy
A: permanent stasis, dig shafts and tunnels, four strong arms, antennae 3,
deformed body
a: Dig, Minor Destruction, Lesser Servant of Makhleb, Major Destruction, Greater
Servant of Makhleb, Renounce Religion, Stop Flying
}: 5/15 runes: decaying, serpentine, barnacled, silver, gossamer


You were in the Dungeon.
You worshipped Makhleb.
Makhleb was exalted by your worship.
You were near starving.

You visited 1 branch You collected 1943 gold pieces.
You spent 1795 gold pieces at shops.

Inventory:

Hand Weapons
 h - a +2 dire flail of holy wrath
 q - a +4 lajatang of electrocution (weapon)
 v - a +5 bardiche of chopping
 Z - a +1 lajatang of distortion
Armour
 a - a +5 large shield (worn)
 s - a +2 pair of gloves of dexterity (worn)
 y - a +2 pair of boots of flying (worn)
 G - a +2 cloak
 N - a +1 cloak of poison resistance
 O - the +6 gold dragon armour of Ru's Righteous Anger (worn) {-Cast rPois rF+ rC+ rCorr Str+3 Dex+5}
   (You found it in the Dungeon)

   It affects your strength (+3).
   It affects your dexterity (+5).
   It protects you from fire.
   It protects you from cold.
   It protects you from poison.
   It prevents spellcasting.
   It protects you from acid and corrosion.
 P - a +0 cloak of magic resistance (worn)
 Q - the +4 scale mail "Pampaobb" {Slay+3 Stlth+}
   (You found it in the Dungeon)

   It affects your accuracy and damage with ranged weapons and melee attacks
   (+3).
   It makes you more stealthy.
Magical Staves
 p - an uncursed staff of energy
Jewellery
 c - the ring "Coack" {rCorr +Fly rPois}
   (You found it in the Dungeon)

   [ring of resist corrosion]

   It protects you from poison.
   It lets you fly.
 k - the ring "Heitohec" (right hand) {Dex+4 Slay+3}
   (You found it in the Dungeon)

   [ring of slaying]

   It affects your dexterity (+4).
   It affects your accuracy and damage with ranged weapons and melee attacks
   (+3).
 r - the amulet "Ocizoabe" {Gourm +Fly rElec Int+8}
   (You found it in the Dungeon)

   [amulet of the gourmand]

   It allows you to eat raw meat even when not hungry.
   It affects your intelligence (+8).
   It insulates you from electricity.
   It lets you fly.
 u - the amulet "Qeeri" {Reflect rF+ MR+ Str+2 Dex-4 Slay+2 SH+2}
   (You found it in the Dungeon)

   [amulet of reflection]

   It shields you and reflects attacks.
   It affects your strength (+2).
   It affects your dexterity (-4).
   It affects your accuracy and damage with ranged weapons and melee attacks
   (+2).
   It protects you from fire.
   It affects your resistance to hostile enchantments.
   It affects your SH (+2).
 w - a +3 ring of intelligence
 x - a +2 ring of protection
 I - an uncursed amulet of guardian spirit
 J - an uncursed ring of protection from fire
 K - an uncursed ring of protection from magic
 L - an uncursed ring of ice
 M - an uncursed ring of protection from cold
 R - a +3 ring of slaying
 V - a +6 ring of dexterity (left hand)
 W - a +4 ring of evasion
 X - an amulet of regeneration (around neck)
 Y - an uncursed ring of wizardry
Wands
 d - a wand of hasting (5/9)
 o - a wand of acid (5/15)
 F - a wand of digging (8/24)
Scrolls
 m - 9 scrolls of remove curse
 n - 5 scrolls of amnesia
 B - a scroll of fear
 C - a scroll of recharging
 D - 5 scrolls of identify
 T - 4 scrolls of fog
Potions
 b - a potion of brilliance
 e - 6 potions of curing
 i - 4 potions of magic
 l - 3 potions of agility
 t - 2 potions of ambrosia
 z - 2 potions of might
 S - 2 potions of cure mutation
Books
 H - a Necronomicon

   Spells                             Type                      Level
   a - Haunt                          Necromancy/Summoning         7
   b - Borgnjor's Revivification      Necromancy                   8
   c - Death's Door                   Charms/Necromancy            8
   d - Necromutation                  Transmutation/Necromancy     8
Comestibles
 f - 14 bread rations
 A - 12 meat rations
 E - 40 fruits


   Skills:
 - Level 25.2 Fighting
   Level 4.2 Long Blades
 - Level 18.0 Staves
 O Level 27 Armour
 - Level 20.6 Dodging
 O Level 27 Shields
 + Level 20.9 Spellcasting
 * Level 22.6 Necromancy
 * Level 24.3 Transmutations
 - Level 20.1 Evocations


You had 52 spell levels left.
You knew the following spells:

 Your Spells              Type           Power        Failure   Level  Hunger
a - Necromutation         Trmt/Necr      ######....   21%         8    #######


Dungeon Overview and Level Annotations

Branches:
Dungeon (1/1)

Altars:
Cheibriados
Dithmenos
Elyvilon
Fedhas
Gozag
Kikubaaqudgha
Makhleb
Nemelex Xobeh
Okawaru
Pakellas
Qazlal
Ru
Sif Muna
Trog
Vehumet
Xom
Yredelemnul
Zin
The Shining One
Beogh
Jiyva
Lugonu

Shops:
D *}=:


Innate Abilities, Weirdness & Mutations

You are under a permanent stasis effect.
You can dig through walls and to a lower floor.
Your four strong arms can wield two-handed weapons with a shield.
You have a pair of large antennae on your head (SInv).
Armour fits poorly on your strangely shaped body.


Message History

You feel much better.
The electric golem blinks!
The orb of fire glows yellow.
The fireball explodes!
The fireball engulfs you! You resist.
* * * LOW HITPOINT WARNING * * *
The fireball engulfs the orb of fire.
The orb of fire completely resists.
The orb of fire glows deep purple.
The fireball explodes!
The fireball engulfs the orb of fire.
The orb of fire completely resists.
The fireball engulfs you! You resist.
* * * LOW HITPOINT WARNING * * *
The fireball engulfs the orb of fire.
The orb of fire completely resists.
Read which item? (? for menu, Esc to quit)
Okay, then.
You barely miss the orb of fire.
The orb of fire is severely damaged.
You slice the orb of fire!!
The orb of fire is almost destroyed.
The orb of fire glows yellow.
The bolt of fire hits the orb of fire.
The orb of fire completely resists.
The bolt of fire hits you! You resist.
You die...

▓.▓.▓)▓.▓.▓.▓.▓.▓)
{
▓.▓.▓)▓.▓.▓.▓.▓.▓)
{
▓'▓.▓.▓.▓.▓.▓.▓.▓.
{
▓.▓.▓.▓.▓[▓.▓(▓.▓)
▓'▓.▓.▓.▓.▓.▓)▓.▓)
{
▓.▓.▓)▓.▓[▓.▓.▓.▓.
{
▓'▓.▓.▓.▓[▓.▓.▓.▓.
{
▓.▓.▓)▓.▓[▓.▓.▓.▓.
{
▓@▓.▓)▓.▓[▓.▓.▓.▓†
{
▓*▓.▓.▓.▓[▓.▓+▓.▓.
{
▓*▓.▓.▓.▓.▓.▓(▓.▓.
{
▓q▓.▓.▓.▓.▓.▓)▓.▓.
{
▓d▓.▓.▓.▓.▓.▓)▓.▓.
{
▓X▓.▓.▓.▓.▓.▓)▓.▓.
{
▓X▓.▓.▓.▓.▓.▓)▓.▓.
▓q▓.▓.▓.▓.▓.▓(▓.▓†
{
q▓.▓)▓.▓.▓.▓)▓.▓†


You could see 2 orbs of fire, a black draconian knight (invisible), a yellow
draconian, a white draconian shifter and 2 Orb Guardians.

Vanquished Creatures
  An orb of fire (D)
  4 ancient liches (D)
  A curse toe (D)
  Norris (D)
  Margery (D)
  2 golden dragons (D)
  Jory (D)
  2 liches (D)
  Xtahua (D)
  Nikola (D)
  3 electric golems (D)
  Rupert (D)
  4 tentacled monstrosities (D)
  15 Orb Guardians (D)
  A deep elf blademaster (D)
  A death cob (D)
  A tengu reaver (D)
  4 storm dragons (D)
  2 draconian monks (D)
  7 shadow dragons (D)
  4 greater nagas (D)
  Donald (D)
  A ghost moth (D)
  A draconian scorcher (D)
  4 vault wardens (D)
  2 emperor scorpions (D)
  Aizul (D)
  4 draconian knights (D)
  A draconian zealot (D)
  A draconian shifter (D)
  4 stone giants (D)
  2 ironheart preservers (D)
  A draconian annihilator (D)
  2 very ugly things (D)
  2 draconian callers (D)
  2 purple draconians (D)
  A mottled draconian (D)
  A red draconian (D)
  A spark wasp (D)
  5 green draconians (D)
  A salamander stormcaller (D)
  2 black draconians (D)
  4 white draconians (D)
  Azrael (D)
  2 ettins (D)
  2 merfolk impalers (D)
  5 merfolk javelineers (D)
  A crystal guardian (D)
  3 yaktaur captains (D)
  25 vault guards (D)
  4 fire dragons (D)
  A rakshasa (D)
  4 naga warriors (D)
  An entropy weaver (D)
  A great orb of eyes (D)
  6 ice dragons (D)
  An ogre mage (D)
  7 hydras (D)
  A centaur warrior (D)
  An alligator snapping turtle (D)
  A merfolk avatar (D)
  A spriggan air mage (D)
  6 merfolk aquamancers (D)
  An alligator (D)
  An anaconda (D)
  A queen ant (shapeshifter) (D)
  A vampire mage (D)
  A naga sharpshooter (D)
  4 hell knights (D)
  9 orc high priests (D)
  A spriggan (D)
  A deep elf knight (D)
  Nergalle (D)
  2 unseen horrors (D)
  A shadow wraith (D)
  A wizard (D)
  A sea snake (D)
  5 swamp dragons (D)
  A flayed ghost (D)
  A deep elf archer (D)
  2 hill giants (D)
  3 ironbrand convokers (D)
  3 lindwurms (D)
  2 necromancers (D)
  An orb spider (D)
  4 orc knights (D)
  An ugly thing (D)
  2 mana vipers (D)
  7 wolf spiders (D)
  A deep elf mage (D)
  3 hornets (D)
  A griffon (D)
  A cyclops (D)
  A mana viper (shapeshifter) (D)
  Maurice (D)
  A salamander (shapeshifter) (D)
  An octopode (shapeshifter) (D)
  3 manticores (D)
  4 moths of wrath (D)
  2 water nymphs (D)
  A vault sentinel (D)
  3 black mambas (D)
  Psyche (D)
  5 naga magi (D)
  5 spiny frogs (D)
  A rime drake (shapeshifter) (D)
  A yaktaur (D)
  A komodo dragon (D)
  2 demonic crawlers (D)
  A tengu conjurer (D)
  2 jumping spiders (D)
  2 merfolk (D)
  A two-headed ogre (shapeshifter) (D)
  4 giant leeches (D)
  3 slime creatures (D)
  2 bog bodies (D)
  2 shadows (D)
  6 redbacks (D)
  A vampire (D)
  Eustachio (D)
  3 fire elementals (D)
  A basilisk (D)
  2 hippogriffs (D)
  A hippogriff (shapeshifter) (D)
  2 nagas (D)
  3 mottled dragons (D)
  3 hell hounds (D)
  3 water moccasins (D)
  2 porcupines (D)
  11 orc warriors (D)
  A wasp (D)
  A swamp drake (D)
  A phantom (D)
  An ice beast (D)
  A necrophage (D)
  An ogre (D)
  A crocodile (D)
  A centaur (D)
  A wolf (D)
  5 giant frogs (D)
  2 crimson imps (D)
  A jelly (D)
  5 orc priests (D)
  A hound (D)
  6 orc wizards (D)
  An iguana (D)
  A worker ant (D)
  A sheep (D)
  An adder (D)
  A river rat (D)
  A shadow imp (D)
  2 worms (D)
  8 orcs (D)
  A bat (D)
  A bat skeleton (D)
  A giant cockroach (D)
  A goblin (D)
  2 hobgoblins (D)
  A giant gecko skeleton (D)
  A jackal skeleton (D)
  A rat (D)
383 creatures vanquished.

Vanquished Creatures (others)
  Ilsuiw (D)
  Louise (D)
  A necromancer (D)
3 creatures vanquished.

Grand Total: 386 creatures vanquished

Notes
Turn   | Place    | Note
--------------------------------------------------------------
     0 | D        | rftp080 the Formicid Fighter began the quest for the Orb.
     0 | D        | Reached XP level 1. HP: 18/18 MP: 1/1
    27 | D        | Reached XP level 2. HP: 19/25 MP: 2/2
    32 | D        | Noticed a crimson imp
    42 | D        | Reached skill level 5 in Fighting
    42 | D        | Reached skill level 5 in Armour
    42 | D        | Reached skill level 1 in Dodging
    42 | D        | Reached skill level 5 in Shields
    42 | D        | Reached XP level 3. HP: 17/33 MP: 3/3
    44 | D        | Reached XP level 4. HP: 20/39 MP: 4/4
    59 | D        | Found a glowing silver altar of Zin.
    59 | D        | Found a glowing golden altar of the Shining One.
    59 | D        | Found an ancient bone altar of Kikubaaqudgha.
    59 | D        | Found a basalt altar of Yredelemnul.
    59 | D        | Found a shimmering altar of Xom.
    59 | D        | Found a radiant altar of Vehumet.
    60 | D        | Found an iron altar of Okawaru.
    61 | D        | Found a burning altar of Makhleb.
    62 | D        | Found a deep blue altar of Sif Muna.
    63 | D        | Found a bloodstained altar of Trog.
    64 | D        | Found a sparkling altar of Nemelex Xobeh.
    65 | D        | Found a white marble altar of Elyvilon.
    66 | D        | Found a roughly hewn altar of Beogh.
    67 | D        | Found a viscous altar of Jiyva.
    68 | D        | Found a corrupted altar of Lugonu.
    69 | D        | Became a worshipper of Makhleb the Destroyer
    70 | D        | Found a blossoming altar of Fedhas.
    71 | D        | Found a snail-covered altar of Cheibriados.
    72 | D        | Found a shadowy altar of Dithmenos.
    73 | D        | Found a stormy altar of Qazlal.
    74 | D        | Found an opulent altar of Gozag.
    75 | D        | Found a sacrificial altar of Ru.
    76 | D        | Found an oddly glowing altar of Pakellas.
   128 | D        | Noticed a hill giant
   128 | D        | Noticed a centaur
   128 | D        | Noticed a necrophage
   128 | D        | Noticed a phantom
   134 | D        | Killed a centaur
   134 | D        | Reached XP level 5. HP: 16/46 MP: 5/5
   136 | D        | Killed a hill giant
   136 | D        | Reached * piety under Makhleb
   136 | D        | Reached XP level 6. HP: 18/52 MP: 6/6
   136 | D        | Reached XP level 7. HP: 20/57 MP: 7/7
   144 | D        | Reached ** piety under Makhleb
   150 | D        | Reached XP level 8. HP: 35/64 MP: 8/8
   159 | D        | Noticed a cyclops
   159 | D        | Noticed a centaur warrior
   166 | D        | Killed a cyclops
   170 | D        | Killed a centaur warrior
   170 | D        | Reached *** piety under Makhleb
   170 | D        | Reached XP level 9. HP: 33/74 MP: 9/9
   179 | D        | Reached **** piety under Makhleb
   180 | D        | Reached skill level 15 in Staves
   220 | D        | Noticed Eustachio
   240 | D        | Killed Eustachio
   327 | D        | Noticed a spiny frog
   339 | D        | Reached ***** piety under Makhleb
   351 | D        | Killed a spiny frog
   351 | D        | Reached skill level 10 in Shields
   357 | D        | Reached XP level 10. HP: 83/83 MP: 10/10
   360 | D        | Reached ****** piety under Makhleb
   369 | D        | Noticed a spiny frog
   375 | D        | Noticed a komodo dragon
   392 | D        | Killed a spiny frog
   394 | D        | Reached skill level 10 in Armour
   398 | D        | Reached skill level 10 in Fighting
   402 | D        | Killed a komodo dragon
   417 | D        | Noticed a lindwurm
   417 | D        | Noticed a lindwurm
   417 | D        | Noticed a lindwurm
   432 | D        | Killed a lindwurm
   436 | D        | Killed a lindwurm
   443 | D        | Killed a lindwurm
   443 | D        | Reached XP level 11. HP: 71/93 MP: 11/11
   495 | D        | Noticed Maurice
   506 | D        | Killed Maurice
   534 | D        | Noticed Psyche
   540 | D        | Killed Psyche
   647 | D        | Noticed an orc knight
   652 | D        | Killed an orc knight
   665 | D        | Reached skill level 1 in Evocations
   716 | D        | Found Peceyrch's Assorted Antiques.
   716 | D        | Noticed an orc high priest
   716 | D        | Noticed an orc high priest
   716 | D        | Noticed an orc high priest
   717 | D        | Noticed a soul eater
   720 | D        | Noticed an orc high priest
   726 | D        | Killed an orc high priest
   727 | D        | Found Lapnidie's Gadget Shoppe.
   740 | D        | Killed an orc high priest
   742 | D        | Noticed an orc high priest
   747 | D        | Found Majiv's Jewellery Emporium.
   750 | D        | Killed an orc high priest
   752 | D        | Found Peacimes's Book Shoppe.
   755 | D        | Noticed an orc high priest
   757 | D        | Killed an orc high priest
   757 | D        | Reached skill level 5 in Evocations
   760 | D        | Killed an orc high priest
   760 | D        | Reached XP level 12. HP: 91/103 MP: 14/16
   764 | D        | Noticed an orc high priest
   768 | D        | Killed an orc high priest
   768 | D        | Reached skill level 5 in Dodging
   777 | D        | Noticed an orc high priest
   791 | D        | Killed an orc high priest
   796 | D        | Noticed an orc high priest
   811 | D        | Noticed a sun demon
   811 | D        | Killed an orc high priest
   814 | D        | HP: 4/105 [sun demon[an orc high priest] (15)]
   818 | D        | Killed an orc high priest
   848 | D        | Bought a Necronomicon for 1435 gold pieces
   850 | D        | Bought an uncursed amulet of guardian spirit for 360 gold pieces
   982 | D        | Got the +6 gold dragon armour of Ru's Righteous Anger {-Cast rPois rF+ rC+ rCorr Str+3 Dex+5}
  1006 | D        | Got the +4 scale mail "Pampaobb" {Slay+3 Stlth+}
  1038 | D        | Noticed an unseen horror
  1046 | D        | Noticed a wizard
  1056 | D        | Noticed an ice dragon
  1056 | D        | Killed an unseen horror
  1062 | D        | Killed a wizard
  1063 | D        | Noticed an ettin
  1067 | D        | Noticed a rakshasa
  1078 | D        | Killed an ice dragon
  1078 | D        | Reached skill level 15 in Shields
  1082 | D        | Noticed a stone giant
  1085 | D        | Killed an ettin
  1087 | D        | Noticed an ettin
  1093 | D        | Killed a rakshasa
  1103 | D        | Killed a stone giant
  1103 | D        | Reached XP level 13. HP: 114/114 MP: 17/20
  1109 | D        | Killed an ettin
  1157 | D        | Noticed Aizul
  1190 | D        | Killed Aizul
  1190 | D        | Reached skill level 10 in Evocations
  1200 | D        | Noticed Donald
  1218 | D        | Killed Donald
  1218 | D        | Reached skill level 15 in Armour
  1226 | D        | Noticed Azrael
  1233 | D        | Reached skill level 15 in Fighting
  1240 | D        | Killed Azrael
  1291 | D        | Noticed a spark wasp
  1300 | D        | Killed a spark wasp
  1353 | D        | Noticed a merfolk avatar
  1353 | D        | Noticed an alligator snapping turtle
  1367 | D        | Reached skill level 10 in Dodging
  1368 | D        | Noticed a merfolk impaler
  1370 | D        | Killed a merfolk avatar
  1388 | D        | Killed an alligator snapping turtle
  1413 | D        | Killed a merfolk impaler
  1419 | D        | Noticed a greater naga
  1425 | D        | Noticed an anaconda
  1433 | D        | Killed a greater naga
  1433 | D        | Reached XP level 14. HP: 125/125 MP: 15/23
  1626 | D        | Noticed a stone giant
  1626 | D        | Noticed a stone giant
  1632 | D        | Killed a stone giant
  1655 | D        | Killed a stone giant
  1698 | D        | Noticed a green very ugly thing
  1720 | D        | Killed a green very ugly thing
  1732 | D        | Noticed a purple very ugly thing
  1744 | D        | Killed a purple very ugly thing
  1750 | D        | Noticed a vault warden
  1750 | D        | Noticed an ironheart preserver
  1757 | D        | Killed a vault warden
  1757 | D        | Reached XP level 15. HP: 125/136 MP: 12/25
  1786 | D        | Killed an ironheart preserver
  1806 | D        | Reached skill level 15 in Evocations
  1831 | D        | Noticed an ironheart preserver
  1842 | D        | Noticed a tengu reaver
  1844 | D        | Killed an ironheart preserver
  1864 | D        | Killed a tengu reaver
  1932 | D        | Noticed Margery
  1956 | D        | Killed Margery
  2156 | D        | Noticed Jory
  2178 | D        | Killed Jory
  2195 | D        | Noticed Louise
  2196 | D        | Noticed Nergalle
  2198 | D        | Noticed Nikola
  2198 | D        | Killed Louise
  2231 | D        | Killed Nergalle
  2252 | D        | Killed Nikola
  2330 | D        | Reached XP level 16. HP: 147/147 MP: 28/28
  2395 | D        | Got a decaying rune of Zot
  2402 | D        | Noticed a greater naga
  2410 | D        | Noticed a greater naga
  2421 | D        | Noticed a greater naga
  2426 | D        | Killed a greater naga
  2438 | D        | Killed a greater naga
  2438 | D        | Reached skill level 15 in Dodging
  2444 | D        | Killed a greater naga
  2487 | D        | Got a serpentine rune of Zot
  2567 | D        | Got a gossamer rune of Zot
  2575 | D        | Noticed Ilsuiw
  2655 | D        | Killed Ilsuiw
  2697 | D        | Got a barnacled rune of Zot
  2737 | D        | Noticed Rupert
  2744 | D        | Killed Rupert
  2830 | D        | Reached XP level 17. HP: 158/158 MP: 30/30
  3037 | D        | Noticed a lich
  3037 | D        | Noticed a shadow dragon
  3045 | D        | Killed a lich
  3072 | D        | Killed a shadow dragon
  3087 | D        | Noticed a shadow dragon
  3088 | D        | Noticed a shadow dragon
  3124 | D        | Killed a shadow dragon
  3135 | D        | Killed a shadow dragon
  3135 | D        | Reached skill level 27 in Armour
  3141 | D        | Noticed a deep elf blademaster
  3141 | D        | Noticed an Orb Guardian
  3156 | D        | Killed a deep elf blademaster
  3181 | D        | Killed an Orb Guardian
  3181 | D        | Reached XP level 18. HP: 171/171 MP: 28/32
  3197 | D        | Noticed a golden dragon
  3198 | D        | Noticed a tentacled monstrosity
  3213 | D        | Killed a golden dragon
  3220 | D        | Killed a tentacled monstrosity
  3221 | D        | Noticed a lich
  3272 | D        | Killed a lich
  3303 | D        | Got a silver rune of Zot
  3428 | D        | Got the ring "Coack" {rCorr +Fly rPois}
  3430 | D        | Got the ring "Heitohec" {Dex+4 Slay+3}
  3434 | D        | Got the amulet "Ocizoabe" {Gourm +Fly rElec Int+8}
  3437 | D        | Got the amulet "Qeeri" {Reflect rF+ MR+ Str+2 Dex-4 Slay+2 SH+2}
  3539 | D        | Noticed Norris
  3556 | D        | Killed Norris
  3590 | D        | Noticed Xtahua
  3600 | D        | Killed Xtahua
  3669 | D        | Reached skill level 27 in Shields
  3696 | D        | Reached skill level 5 in Spellcasting
  3729 | D        | Reached skill level 10 in Spellcasting
  3756 | D        | Learned a level 8 spell: Necromutation
  3760 | D        | Noticed an electric golem
  3797 | D        | Killed an electric golem
  3802 | D        | Reached skill level 1 in Necromancy
  3817 | D        | Noticed a tentacled monstrosity
  3825 | D        | Killed a tentacled monstrosity
  3825 | D        | Reached skill level 5 in Transmutations
  3833 | D        | Reached skill level 5 in Necromancy
  3843 | D        | Reached XP level 19. HP: 184/184 MP: 37/37
  3856 | D        | Reached skill level 15 in Spellcasting
  3876 | D        | Noticed a tentacled monstrosity
  3876 | D        | Noticed a golden dragon
  3876 | D        | Noticed a tentacled monstrosity
  3890 | D        | Killed a tentacled monstrosity
  3890 | D        | Reached skill level 10 in Transmutations
  3901 | D        | Killed a golden dragon
  3901 | D        | Reached skill level 10 in Necromancy
  3912 | D        | Killed a tentacled monstrosity
  3962 | D        | Noticed a curse toe
  3998 | D        | Killed a curse toe
  4011 | D        | Reached skill level 15 in Transmutations
  4130 | D        | Noticed an Orb Guardian
  4130 | D        | Noticed an Orb Guardian
  4130 | D        | Noticed an Orb Guardian
  4130 | D        | Noticed an Orb Guardian
  4130 | D        | Noticed an Orb Guardian
  4130 | D        | Noticed an Orb Guardian
  4133 | D        | Noticed an Orb Guardian
  4133 | D        | Killed an Orb Guardian
  4139 | D        | Killed an Orb Guardian
  4145 | D        | Killed an Orb Guardian
  4145 | D        | Reached skill level 15 in Necromancy
  4149 | D        | Killed an Orb Guardian
  4157 | D        | Killed an Orb Guardian
  4163 | D        | Killed an Orb Guardian
  4172 | D        | Killed an Orb Guardian
  4174 | D        | Noticed an Orb Guardian
  4175 | D        | Noticed an Orb Guardian
  4176 | D        | Noticed an Orb Guardian
  4178 | D        | Killed an Orb Guardian
  4183 | D        | Killed an Orb Guardian
  4186 | D        | Killed an Orb Guardian
  4194 | D        | Noticed an Orb Guardian
  4194 | D        | Noticed an Orb Guardian
  4195 | D        | Noticed an Orb Guardian
  4204 | D        | Noticed an Orb Guardian
  4212 | D        | Reached XP level 20. HP: 164/192 MP: 42/42
  4266 | D        | Noticed an ancient lich
  4278 | D        | Killed an ancient lich
  4296 | D        | Noticed an orb of fire
  4312 | D        | Gained mutation: Armour fits poorly on your strangely shaped body. [an orb of fire]
  4325 | D        | Gained mutation: Your spells are a little easier to cast, but a little less powerful. [an orb of fire]
  4325 | D        | Gained mutation: Scrolls take you a little longer to read. [an orb of fire]
  4334 | D        | Gained mutation: You expend magic power (3 MP) to strengthen your wands. [an orb of fire]
  4337 | D        | Killed an orb of fire
  4338 | D        | Lost mutation: Armour fits poorly on your strangely shaped body. [potion of cure mutation]
  4338 | D        | Lost mutation: Scrolls take you a little longer to read. [potion of cure mutation]
  4338 | D        | Lost mutation: Your spells are a little easier to cast, but a little less powerful. [potion of cure mutation]
  4338 | D        | Lost mutation: You expend magic power (3 MP) to strengthen your wands. [potion of cure mutation]
  4341 | D        | Noticed an electric golem
  4346 | D        | Killed an electric golem
  4471 | D        | Noticed an electric golem
  4471 | D        | Noticed an ancient lich
  4471 | D        | Noticed an ancient lich
  4471 | D        | Noticed an ancient lich
  4475 | D        | Noticed an orb of fire
  4494 | D        | Killed an ancient lich
  4497 | D        | Noticed an orb of fire
  4519 | D        | Noticed an electric golem
  4519 | D        | Killed an ancient lich
  4522 | D        | Killed an electric golem
  4531 | D        | Killed an ancient lich
  4546 | D        | Gained mutation: Armour fits poorly on your strangely shaped body. [an orb of fire]
  4553 | D        | HP: 4/192 [orb of fire/fireball (32)]
  4555 | D        | Killed from afar by an orb of fire

Skill      XL: |  1  2  3  4  5  6  7  8  9 10 11 12 13 14 15 16 17 18 19 20 |
---------------+-------------------------------------------------------------+-----
Shields        | 4 5 6 8 10 12 13 15 17 19 21 22 25 27 | 27.0
Armour         | 4 5 7 9 11 12 14 16 19 21 24 27 | 27.0
Fighting       | 5 7 9 11 12 14 16 17 19 21 23 25 | 25.2
Dodging        | 1 4 8 10 12 14 16 18 20 | 20.6
Long Blades    | 3 4 |  4.2
Staves         | 6 11 13 14 15 17 18 | 18.0
Evocations     | 5 9 12 14 16 18 20 | 20.1
Spellcasting   | 14 18 20 | 20.9
Necromancy     | 6 17 22 | 22.6
Transmutations | 6 19 24 | 24.3

Action                   |  1- 3 |  4- 6 |  7- 9 | 10-12 | 13-15 | 16-18 | 19-21 || total
-------------------------+-------+-------+-------+-------+-------+-------+-------++-------
Melee: Long sword        |    30 |     6 |       |       |       |       |       ||    36
       Lajatang          |       |       |    76 |   290 |   593 |   894 |   389 ||  2242
Evoke: Wand              |       |     3 |     1 |     7 |     3 |     3 |       ||    17
  Use: Potion            |     2 |     1 |     2 |     5 |     3 |       |    14 ||    27
       Scroll            |       |       |     6 |       |       |     7 |       ||    13
 Stab: Invisible         |       |       |     4 |       |       |       |       ||     4
       Confused          |       |       |       |       |     2 |     3 |       ||     5
  Eat: Chunk             |       |       |       |       |     6 |     3 |       ||     9
       Meat ration       |       |       |       |       |       |     1 |       ||     1
Armor: Scale mail        |    12 |     2 |       |       |       |       |       ||    14
       Chain mail        |       |       |    17 |    32 |       |       |       ||    49
       Gold dragon armou |       |       |       |    10 |   142 |   201 |    37 ||   390
Dodge: Dodged            |     7 |     2 |    11 |    42 |    96 |   215 |   101 ||   474
Block: Shield            |    20 |     2 |    29 |    80 |       |       |       ||   131
       Large shield      |       |       |       |    56 |   377 |   803 |   308 ||  1544
